[Event "*** SCC Grand Prix: Titled Tuesday Blitz"]
[Site "Chess.com"]
[Date "2020.07.14"]
[Round "4"]
[White "Mikasinski"]
[Black "WashUntilHoles"]
[Result "0-1"]
[WhiteElo "2488"]
[BlackElo "2706"]
[TimeControl "180+1"]
[EndTime "10:40:00 PDT"]
[Termination "WashUntilHoles won by resignation"]

1. e4 e6 2. d4 d5 3. Nc3 Bb4 4. e5 c5 5. a3 Bxc3+ 6. bxc3 Ne7 7. h4 b6 8. h5 h6 9. a4 Ba6 10. Bb5+ Bxb5 11. axb5 Qd7 12. Rb1 Qc7 13. Rh3 a6 14.
bxa6 Rxa6 15. Qg4 cxd4 16. cxd4 Qxc2 17. Rhb3 Nf5 18. Ne2 Ra2 19. Rxb6 Nd7 20. R6b2 Rxb2 21. Rxb2 Qc4 22. Be3 O-O 23. Rd2 Nxe5 24. Qh3 Nd3+ 25.
Kf1 Rb8 26. g4 Rb1+ 27. Kg2 Ne1+ 28. Kh2 Nd6 29. f3 Nb5 30. Qg3 Nc3 31. Nxc3 Qxc3 32.
Re2 Nc2 33. Bf2 Nxd4 34. Re3 Qc1 35. Kh3 Qh1+ 36. Qh2 Qxh2+ 37. Kxh2 Rb2 38. Kg3 Ne2+ 39. Kg2 Nf4+ 40. Kg3 g5 41. hxg6 Ne2+ 42. Kg2 Nf4+ 43. Kg3 Nxg6 44. Rb3 Rxb3 0-1

[Event "*** SCC Grand Prix: Titled Tuesday Blitz"]
[Site "Chess.com"]
[Date "2020.07.14"]
[Round "4"]
[White "Alindsay211"]
[Black "amatatanav"]
[Result "0-1"]
[WhiteElo "2298"]
[BlackElo "2464"]
[TimeControl "180+1"]
[EndTime "10:40:01 PDT"]
[Termination "amatatanav won by resignation"]

1. e4 c5 2. Nf3 Nc6 3. d4 cxd4 4. Nxd4 g6 5. c4 Nf6 6. Nc3 d6 7. Be2 Nxd4 8. Qxd4 Bg7 9. Be3 O-O 10. Qd2 Be6 11. O-O Qa5 12. Bh6 Rfc8 13. Bxg7 Kxg7 14. Qd4 Qb6 15. Qxb6 axb6 16. b3 b5 17. Nxb5 Nxe4 18. Bf3 Nc5 19. Rfe1 Kf8 20. Nd4 Bd7 21. Re3 Ra7 22. a4 e5 23. Nc2 f5 24. Rb1 f4 25.
Rc3 Bf5 26. Rc1 Ne6 27. Bd5 Ke7 28. Bxe6 Kxe6 29. f3 Ra6 30. Nb4 Rb6 31. Nd5 Ra6 32. Rd1 Rb8 33. Kf2 Rc8 34. Rcc1 h6 35. Rd2 g5 36.
Rcd1 Rd8 37. Nc3 Rb6 38. Nb5 Ke7 39. Rd5 Be6 40. Rxd6 Rbxd6 41. Rxd6 Rxd6 42. Nxd6 Kxd6 43. Ke2 Kc5 44. Kd3 Kb4 45. Ke4 Kxb3 46. Kxe5 Bxc4 47. h4 Bf1 48. hxg5 hxg5 49. a5 Bxg2 50. a6 bxa6 0-1

[Event "*** SCC Grand Prix: Titled Tuesday Blitz"]
[Site "Chess.com"]
[Date "2020.07.14"]
[Round "4"]
[White "Iustin106"]
[Black "Vandros57"]
[Result "1-0"]
[WhiteElo "2317"]
[BlackElo "2123"]
[TimeControl "180+1"]
[EndTime "10:40:01 PDT"]
[Termination "Iustin106 won on time"]

1. d4 d5 2. c4 e6 3. Nf3 Nf6 4. g3 dxc4 5. Bg2 c5 6. O-O Nc6 7. Qa4 Bd7 8. Qxc4 Rc8 9. Nc3 cxd4 10. Nxd4 Nxd4 11. Qxd4 Bc6 12. Qxd8+ Kxd8 13. Bg5 Bxg2 14. Kxg2 Be7 15. Rac1 Nd7 16. Be3 a6 17. Rfd1 Bc5 18.
Bxc5 Rxc5 19. Ne4 Rxc1 20. Rxc1 Ke7 21. Rc7 b6 22. b4 Ra8 23. a4 a5 24. b5 f6 25. Rc6 Ra7 26. Nd6 Ra8 27. Nc8+ Kd8 28. Nxb6 Nxb6 29. Rxb6 Ke7 30. Kf3 h5 31. Ke3 g5 32. h3 f5 33. Ra6 Rc8 34. Rxa5 Rc4 35. Ra8 Kf6 36. b6 Rb4 37. a5 Ke5 38. Rc8 Rb5 39. Rc3 Rxa5 40. b7 Rb5 41. Rc7 f4+ 42. gxf4+ gxf4+ 43. Kf3 Rb3+ 44. e3 fxe3 45. fxe3 Kd6 46. Rh7 e5 47. Ke4 Rb4+ 48. Kf5 e4 49.
Kg5 Rb5+ 50. Kf4 Rb4 51. h4 Ke6 52. Kg5 Rb5+ 53. Kg6 Rb3 54. Kxh5 Kf6 55. Kg4 1-0

[Event "*** SCC Grand Prix: Titled Tuesday Blitz"]
[Site "Chess.com"]
[Date "2020.07.14"]
[Round "4"]
[White "WonderChampion"]
[Black "chessfrendz"]
[Result "0-1"]
[WhiteElo "2014"]
[BlackElo "2260"]
[TimeControl "180+1"]
[EndTime "10:40:01 PDT"]
[Termination "chessfrendz won on time"]

1. d4 e6 2. e4 c5 3. dxc5 Bxc5 4. Nc3 Ne7 5. Nf3 O-O 6. Bf4 Ng6 7.
Bd6 Bxd6 8. Qxd6 Nc6 9. Bc4 Qb6 10. Bb3 a5 11. O-O Qb4 12. Rad1 Ra6 13. a3 Qxd6 14. Rxd6 Nce5 15. Rfd1 Nxf3+ 16. gxf3 Rc6 17. Ba4 Rc5 18. Bxd7 Bxd7 19. Rxd7 b5 20. Rb7 Nh4 21. f4 g5 22.
Rxb5 Rxb5 23. Nxb5 gxf4 24. c4 Rc8 25. Rc1 Rc5 26.
Kf1 f3 27. Ke1 Re5 28. Nd6 f5 29. Kd2 fxe4 30. Kc3 e3 31. Kd4 Ng6 32. fxe3 Rh5 33. Ne4 Rxh2 34. b4 axb4 35. axb4 Re2 36. Rf1 e5+ 37.
Kc5 Rxe3 38. Nf6+ Kg7 39. Nd5 Rb3 40. b5 e4 41. Nb4 e3 0-1

[Event "*** SCC Grand Prix: Titled Tuesday Blitz"]
[Site "Chess.com"]
[Date "2020.07.14"]
[Round "4"]
[White "Fighter008"]
[Black "Jumbo"]
[Result "0-1"]
[WhiteElo "2529"]
[BlackElo "2859"]
[TimeControl "180+1"]
[EndTime "10:40:02 PDT"]
[Termination "Jumbo won by checkmate"]

1. e4 g6 2. Nc3 Bg7 3. h4 h5 4.
d4 d6 5. Be3 c6 6. Qd2 b5 7. O-O-O a6 8. Nh3 Bxh3 9. Rxh3 Nd7 10. f3 Rc8 11. g4 c5 12. g5 Qa5 13. Kb1 b4 14. Ne2 c4 15. c3 b3 16. axb3 cxb3 17.
Nc1 Qa4 18. Qd3 Nb8 19. c4 Nc6 20. Qxb3 Qa5 21. Rh2 Rb8 22. Qa2 Qb6 23. c5 dxc5 24. dxc5 Qc7 25. Rhd2 e6 26. f4 Nge7 27. Bc4 O-O 28.
e5 Nb4 29. Qa4 Ned5 30. Bxd5 Nxd5 31. Rd3 Rb5 32. Na2 Rfb8 33. Bc1 Qxc5 34. Qc2 Qb6 35. Ra3 Bf8 36. Ra4 a5 37. Nc3 Nb4 38. Qe4 Rc5 39. Ka1 Rxc3 40. bxc3 Nd5 41. Qc2 Nxc3 42.
Rc4 Nxd1 43. Qxd1 Qb1# 0-1

[Event "*** SCC Grand Prix: Titled Tuesday Blitz"]
[Site "Chess.com"]
[Date "2020.07.14"]
[Round "4"]
[White "ENEASZ"]
[Black "annazero"]
[Result "0-1"]
[WhiteElo "2570"]
[BlackElo "2372"]
[TimeControl "180+1"]
[EndTime "10:40:02 PDT"]
[Termination "annazero won by checkmate"]

1. e4 g6 2. d4 Bg7 3. Nc3 d6 4. f4 Nf6 5. Nf3 O-O 6. Bd3 Na6 7. O-O Bg4 8. h3 Bxf3 9. Qxf3 Nb4 10. e5 Nd7 11.
Be4 c6 12. a3 Na6 13. Be3 Nc7 14. Rad1 Qc8 15. Rd2 a5 16. g4 f5 17. gxf5 gxf5 18.
Bd3 d5 19. Qh5 Qe8 20. Qf3 b5 21. Rg2 Kh8 22. Kh2 Ne6 23. Rfg1 b4 24. Ne2 Bh6 25. Ng3 Ng7 26. a4 e6 27. b3 Qf7 28. Be2 Rac8 29. Ba6 Rc7 30. Ne2 c5 31. Bb5 cxd4 32. Nxd4 Nc5 33.
Bd2 Ne4 34. Be1 Nh5 35. Bh4 Bxf4+ 36. Kh1 Bxe5 37. Nc6 Bd6 38. Nxa5 Nf4 39. Nc6 Nxg2 40. Rxg2 Rg8 41. Rxg8+ Qxg8 42. Nd4 Rg7 43. Bf2 Nxf2+ 44.
Qxf2 Rg3 45. Qf1 Bc5 46. Nf3 Rxf3 47. Qxf3 Qg1# 0-1

[Event "*** SCC Grand Prix: Titled Tuesday Blitz"]
[Site "Chess.com"]
[Date "2020.07.14"]
[Round "4"]
[White "SARGISMV"]
[Black "Rish_97"]
[Result "0-1"]
[WhiteElo "2480"]
[BlackElo "2685"]
[TimeControl "180+1"]
[EndTime "10:40:03 PDT"]
[Termination "Rish_97 won by checkmate"]

1. d4 Nf6 2. Nf3 e6 3. c4 d5 4. Nc3 Bb4 5. cxd5 exd5 6. Bg5 h6 7. Bh4 Bf5 8. Qb3 Nc6 9. e3 g5 10. Bg3 Ne4 11. Ne5 Nxg3 12. Nxc6 bxc6 13. hxg3 Rb8 14.
Rc1 c5 15. dxc5 d4 16. exd4 Qxd4 17. Bc4 O-O 18. O-O Bxc5 19. Nb5 Qe5 20. Qf3 g4 21. Qf4 Qxf4 22. gxf4 c6 23. Nc3 g3 24. Nd1 gxf2+ 25.
Nxf2 Kg7 26. b3 Rfd8 27. Rfd1 h5 28. Kf1 h4 29. Rxd8 Rxd8 30. Be2 Bb6 31. Rd1 Re8 32. Bf3 Re3 33. Ng4 Bxg4 34. Bxg4 Re4 35. Rd7 Rxf4+ 36. Bf3 h3 37. gxh3 Rxf3+ 38. Ke2 Rf2+ 39.
Kd3 Rxa2 40. Rd6 Rh2 41. Kc4 Rxh3 42. Rxc6 Rh4+ 43. Kb5 Rh5+ 44. Ka6 Rh6 45. b4 Rxc6 46. b5 Rc4 47. Kb7 f5 48. Ka6 f4 49. Kb7 f3 50.
Ka6 f2 51. Kb7 f1=Q 52. Ka6 Qa1+ 53. Kb7 Qa5 54. Ka8 Qxb5 55. Kb7 Qd7+ 56. Ka8 Rc8# 0-1

[Event "*** SCC Grand Prix: Titled Tuesday Blitz"]
[Site "Chess.com"]
[Date "2020.07.14"]
[Round "4"]
[White "Maxim_e2e4"]
[Black "Chessmasterzt"]
[Result "1-0"]
[WhiteElo "2409"]
[BlackElo "2584"]
[TimeControl "180+1"]
[EndTime "10:40:03 PDT"]
[Termination "Maxim_e2e4 won by resignation"]

1. e4 c5 2. Nf3 Nc6 3. d4 cxd4 4. Nxd4 e5 5. Nb5 d6 6. c4 Be7 7. N5c3 Be6 8. Be2 Bg5 9. Bxg5 Qxg5 10. Nb5 Rd8 11.
Nc7+ Kf8 12. O-O Nf6 13. Nc3 h5 14. Nxe6+ fxe6 15. Qb3 b6 16. Qa3 Nd4 17. Qxa7 Nxe4 18. Nxe4 Nxe2+ 19. Kh1 Qg6 20. Ng3 Nf4 21. Qxb6 Ke7 22.
Qb7+ Rd7 23. Qe4 Qg4 24. h3 Qg5 25. Ne2 Nxe2 26. Qxe2 Rf8 27. a4 Qf4 28. a5 Rc7 29.
b3 g6 30. a6 Ra8 31. b4 Rxc4 32. b5 Rb4 33. Rfb1 Rxb1+ 34. Rxb1 Qf5 35. Rb2 Qf4 36.
g3 Qc1+ 37. Kh2 Rc8 38. a7 Qa1 39. b6 Rc1 40. b7 Rh1+ 41. Kg2 Rg1+ 42. Kf3 Qa3+ 43.
Qe3 Qxb2 44. b8=Q Qc2 45. Qb7+ Kf6 46. a8=Q Qd1+ 47. Qe2 Qb3+ 48. Qxb3 e4+ 49. Qexe4 d5 50. Qf4+ 1-0

[Event "*** SCC Grand Prix: Titled Tuesday Blitz"]
[Site "Chess.com"]
[Date "2020.07.14"]
[Round "4"]
[White "WeAintSurePal"]
[Black "Jbd735"]
[Result "0-1"]
[WhiteElo "2269"]
[BlackElo "2442"]
[TimeControl "180+1"]
[EndTime "10:40:03 PDT"]
[Termination "Jbd735 won by resignation"]

1. d4 d5 2. Bf4 c5 3. e3 cxd4 4.
exd4 Nc6 5. Nc3 Nf6 6. Nb5 e5 7. Bxe5 Nxe5 8. dxe5 Ne4 9. Qxd5 Bf5 10. Nd6+ Bxd6 11.
exd6 Nxd6 12. O-O-O Qg5+ 13. Kb1 O-O-O 14. Nf3 Qf6 15.
Bd3 Rhe8 16. Bxf5+ Nxf5 17. Qc5+ Kb8 18. Rxd8+ Rxd8 19.
Re1 a6 20. a3 Rc8 21. Qe5+ Qxe5 22. Nxe5 Rc7 23. c3 f6 24. Nd3 Kc8 25. Nf4 Rd7 26.
Re2 g5 27. Nh5 Rf7 28. Re6 Nh4 29.
g3 Nf3 30. Rxf6 Rxf6 31. Nxf6 h6 32. Kc2 Nxh2 33. Kd3 Nf3 34. Ke4 Nd2+ 35. Kd3 Nf3 36. Ng4 h5 37. Nf6 h4 38. gxh4 gxh4 39. Ke3 Ne5 40. f4 Nc4+ 41. Kd4 Nxb2 42. Ng4 Kd7 43. Ke5 Nc4+ 44. Kf6 Nxa3 45. Kg7 Nc4 46. f5 Nd6 47. f6 Ke6 48. Nh2 h3 49. Nf3 Ne8+ 50. Kg6 Nxf6 51. Ng5+ Ke7 52. Nxh3 Nd5 53. c4 Ne3 54. c5 Kd7 55. Nf4 Kc6 56. Nd3 Nd5 57. Kf5 Kb5 58.
Ke5 Nb4 59. Kd6 Nxd3 60. c6 bxc6 0-1

[Event "*** SCC Grand Prix: Titled Tuesday Blitz"]
[Site "Chess.com"]
[Date "2020.07.14"]
[Round "4"]
[White "JSMastropiero"]
[Black "RobPeresian"]
[Result "1-0"]
[WhiteElo "2418"]
[BlackElo "2233"]
[TimeControl "180+1"]
[EndTime "10:40:03 PDT"]
[Termination "JSMastropiero won on time"]

1. d4 d5 2. c4 e6 3. Nc3 Be7 4. cxd5 exd5 5. Bf4 c6 6. e3 Qb6 7. Bd3 Qxb2 8. Nge2 Bb4 9. Rc1 Nf6 10. O-O O-O 11. Rb1 Qa3 12. Rb3 Qa5 13. a3 Be7 14. Qb1 Nbd7 15. h3 Re8 16. Rc1 Nf8 17. Ng3 g6 18. e4 dxe4 19. Ngxe4 Nxe4 20. Nxe4 Ne6 21. Be5 Qd8 22. Bf1 f6 23. Nxf6+ Bxf6 24. Rg3 Bxe5 25. dxe5 Qe7 26. Bc4 Kh8 27. Rd1 Nf4 28. Re3 Be6 29.
Bf1 Rad8 30. Rc1 Bd5 31. Kh2 Ne6 32. g3 Rf8 33. f4 g5 34. f5 Nd4 35. g4 Nf3+ 36.
Kg3 Nxe5 37. Qb2 Rde8 38. Rce1 Qd6 39. Rxe5 h5 40. Kf2 Rxe5 41. Rxe5 Qf6 42. Qe2 hxg4 43.
hxg4 Kg7 44. Kg3 Rf7 45. Re8 Qd6+ 46. Kf2 Kf6 47. Qb2+ 1-0

[Event "*** SCC Grand Prix: Titled Tuesday Blitz"]
[Site "Chess.com"]
[Date "2020.07.14"]
[Round "4"]
[White "Eternauta2400"]
[Black "BillieKimbah"]
[Result "0-1"]
[WhiteElo "2650"]
[BlackElo "2901"]
[TimeControl "180+1"]
[EndTime "10:40:04 PDT"]
[Termination "BillieKimbah won on time"]

1. c4 e6 2. g3 d5 3. Bg2 Nf6 4. Nf3 d4 5. b4 Bxb4 6. Qa4+ Nc6 7. Ne5 Rb8 8. Nxc6 bxc6 9. Bxc6+ Bd7 10. O-O O-O 11.
d3 Bxc6 12. Qxc6 Qd7 13. Qf3 e5 14. Bg5 Rb6 15. a3 Ba5 16. Bd2 Qa4 17. Bxa5 Qxa5 18. Ra2 Rb3 19. Nd2 Rxa3 20. Rxa3 Qxa3 21. Ne4 Nd7 22.
Qf5 Qe7 23. Rb1 Nb6 24. Rb5 Re8 25. Ra5 Nc8 26. c5 h6 27. h4 Qe6 28. Qf3 a6 29.
Kg2 Ne7 30. Nd2 f5 31. Qb7 Nd5 32. Rxa6 Qf7 33. Nc4 e4 34. Ra8 Rxa8 35. Qxa8+ Kh7 36. Ne5 Qe6 37. Nc4 f4 38. Qf8 exd3 39. exd3 Nf6 40. Qa8 Qf5 41. Qf3 Qg6 42. g4 Nxg4 43. Kh3 Nf6 44.
Ne5 Qf5+ 45. Ng4 h5 46. Qe4 Nxe4 0-1

[Event "*** SCC Grand Prix: Titled Tuesday Blitz"]
[Site "Chess.com"]
[Date "2020.07.14"]
[Round "4"]
[White "GuuBol"]
[Black "whodee11"]
[Result "1-0"]
[WhiteElo "2242"]
[BlackElo "2396"]
[TimeControl "180+1"]
[EndTime "10:40:04 PDT"]
[Termination "GuuBol won on time"]

1. e4 c5 2. d4 cxd4 3. c3 d3 4. c4 g6 5. Bxd3 Bg7 6. Nf3 Nh6 7. Nc3 O-O 8. Be3 f6 9. Qd2 Nf7 10. O-O Nc6 11. Rac1 b6 12. Rfd1 d6 13. Nd5 e5 14.
a3 f5 15. Qe2 f4 16. Bd2 Bg4 17. b4 Nd4 18. Nxd4 Bxe2 19. Ne6 Qd7 20. Nxf8 Rxf8 21. Bxe2 Ng5 22. c5 bxc5 23. bxc5 Nxe4 24. c6 Qe6 25. c7 Kh8 26. Bb4 Bh6 27. f3 g5 28.
Ba6 Nc5 29. Bxc5 dxc5 30. Bb7 e4 31. Rxc5 g4 32. c8=Q Rxc8 33. Rxc8+ Kg7 34. Rc7+ Kg8 35. Rc6 Qe5 36. Rxh6 exf3 37. Nf6+ Kg7 38. Rxh7+ Kxf6 39. Rh6+ Kg7 40. Rhd6 Qe3+ 41. Kh1 fxg2+ 42. Bxg2 f3 43. Bf1 Qe4 44. R6d4 Qb7 45. Rxg4+ Kf6 46. Rg3 Kf5 47.
Kg1 Kf4 48. Rd3 Qb6+ 49. Kh1 1-0

[Event "*** SCC Grand Prix: Titled Tuesday Blitz"]
[Site "Chess.com"]
[Date "2020.07.14"]
[Round "4"]
[White "RobertoJBM"]
[Black "Gabrielian_Artur"]
[Result "0-1"]
[WhiteElo "2625"]
[BlackElo "2806"]
[TimeControl "180+1"]
[EndTime "10:40:05 PDT"]
[Termination "Gabrielian_Artur won by resignation"]

1. d4 Nf6 2. c4 c5 3. d5 e6 4. Nc3 exd5 5. cxd5 d6 6. e4 g6 7. Bd3 Bg7 8. h3 O-O 9. Nf3 Re8 10. O-O Nbd7 11.
Re1 Ne5 12. Nxe5 Rxe5 13. Bf4 Nh5 14. Bxe5 Bxe5 15. Qf3 Qg5 16. Bf1 Nf4 17. Kh1 h5 18. Ne2 Bg4 19. Qe3 Bxe2 20. Rxe2 Qf6 21. Rc2 Bxb2 22. Rb1 Bd4 23. Qf3 b6 24. g3 Nxd5 25.
Bg2 Qxf3 26. Bxf3 Nc7 27. Rd1 Ne6 28. e5 Rd8 29. exd6 Rxd6 30. Be2 Kg7 31. Bc4 Nf8 32. Re2 Kf6 33. f4 Ne6 34. Kg2 h4 35. Bxe6 fxe6 36. g4 b5 37. Kf3 a5 38. g5+ Kf7 39. Kg4 b4 40. Rc1 a4 41. Kxh4 b3 42. axb3 axb3 43. Kg4 b2 44. Rb1 Rb6 45. h4 c4 46. h5 gxh5+ 47. Kxh5 c3 48. Kg4 Rc6 49. Rc2 Rc5 50.
Kf3 Bg7 51. Ke4 Ra5 52. Rd1 Ra4+ 53. Ke3 Ra1 54. Rd7+ Kg6 55. f5+ exf5 56. Rd6+ Kf7 57. Rd7+ Ke6 58. Rxg7 b1=Q 0-1

[Event "*** SCC Grand Prix: Titled Tuesday Blitz"]
[Site "Chess.com"]
[Date "2020.07.14"]
[Round "4"]
[White "realmadridtv"]
[Black "Monmoransy"]
[Result "1/2-1/2"]
[WhiteElo "2461"]
[BlackElo "2632"]
[TimeControl "180+1"]
[EndTime "10:40:05 PDT"]
[Termination "Game drawn - insufficient material"]

1. d4 d5 2. c4 dxc4 3. e4 b5 4. a4 c6 5. b3 e5 6. Nf3 exd4 7.
Nxd4 Nf6 8. f3 Bb4+ 9. Kf2 O-O 10. Be2 Bb7 11. Be3 Nbd7 12. bxc4 bxc4 13. Bxc4 a5 14. Nf5 Ne5 15. Be2 Qxd1 16. Rxd1 Rfd8 17. Nd2 g6 18. Nd4 Ba6 19. Bxa6 Rxa6 20. Ke2 Bc3 21. N2b3 Bxa1 22. Rxa1 Raa8 23. Rc1 Nfd7 24. f4 Ng4 25. Nxc6 Nxe3 26.
Nxd8 Nxg2 27. Kf3 Nxf4 28. Kxf4 Rxd8 29. Rd1 Kf8 30. Nxa5 Ke8 31. Nc4 Ra8 32. a5 f6 33.
Rb1 Nc5 34. Rb5 Ne6+ 35. Ke3 Ra6 36. e5 fxe5 37. Ke4 Kd7 38. Kxe5 Nc7 39. Rb7 Kc6 40. Rb6+ Rxb6 41. axb6 Na8 42. Kf6 Nxb6 43. Nxb6 Kxb6 44.
Kg7 g5 45. Kxh7 g4 46. Kg6 Kc6 47. Kg5 Kd7 48. Kxg4 Ke7 49. Kg5 Kf7 50. Kh6 Kg8 51.
h4 Kh8 52. Kg6 Kg8 53. h5 Kh8 54. h6 Kg8 55. h7+ Kh8 56. Kf7 Kxh7 1/2-1/2

[Event "*** SCC Grand Prix: Titled Tuesday Blitz"]
[Site "Chess.com"]
[Date "2020.07.14"]
[Round "4"]
[White "ural58"]
[Black "Volodar_Murzin"]
[Result "0-1"]
[WhiteElo "2482"]
[BlackElo "2699"]
[TimeControl "180+1"]
[EndTime "10:40:06 PDT"]
[Termination "Volodar_Murzin won on time"]

1. e4 c6 2. b3 d5 3. Qe2 dxe4 4.
Nc3 g6 5. Bb2 Bg7 6. O-O-O Nd7 7. Nxe4 Bxb2+ 8. Kxb2 Ndf6 9. Ng3 h5 10. Nf3 Nh6 11.
Ne5 h4 12. Ne4 Qd4+ 13. Nc3 Nf5 14. Nf3 Qd6 15. h3 a5 16. Qe5 Kf8 17. Qxd6 exd6 18.
a4 Kg7 19. Bd3 Ne7 20. Rhe1 Ned5 21. Nxd5 Nxd5 22. Bf1 Bf5 23. Nd4 Bd7 24. c4 Nf6 25.
Be2 Rae8 26. Bf3 Re5 27. d3 Rhe8 28. Nc2 Nh7 29. d4 R5e7 30. Rxe7 Rxe7 31. Rd2 Ng5 32. Bd1 f5 33. f3 Ne6 34. Be2 Nf4 35. Bf1 Kf6 36. Kc3 Kg5 37. b4 axb4+ 38. Kxb4 Nh5 39. Ka5 Ng3 40. Bd3 Kf4 41. Kb6 Be8 42. a5 g5 43.
Nb4 Ke3 44. Rd1 Kf2 45. a6 bxa6 46. Nxc6 Re3 0-1

[Event "*** SCC Grand Prix: Titled Tuesday Blitz"]
[Site "Chess.com"]
[Date "2020.07.14"]
[Round "4"]
[White "SidArun"]
[Black "pfalcon1949"]
[Result "1-0"]
[WhiteElo "2252"]
[BlackElo "2071"]
[TimeControl "180+1"]
[EndTime "10:40:07 PDT"]
[Termination "SidArun won by resignation"]

1. d4 Nf6 2. Bg5 Ne4 3. h4 c5 4.
d5 Qb6 5. Nd2 Nxd2 6. Bxd2 Qxb2 7.
Nf3 e6 8. e4 exd5 9. exd5 d6 10. Bc4 Be7 11. Rb1 Qf6 12. Bg5 Qf5 13. Bd3 Qg4 14. Qe2 f6 15. Bd2 Kf7 16. Rxb7 Re8 17. Rc7 Kf8 18. Bb5 Bd7 19. Bxd7 Nxd7 20. Be3 Ne5 21. Nxe5 Qxe2+ 22. Kxe2 fxe5 23. Rb1 Reb8 24. Rxb8+ Rxb8 25. Rxa7 Rb2 26. Kd3 c4+ 27. Kc3 Rb1 28. Kxc4 Bf6 29. f3 Rb2 30. Kd3 Rb4 31. g3 h6 32. a4 Bd8 33. a5 Ra4 34. Bb6 Bf6 35.
Bc7 Kf7 36. Bxd6+ Kg6 37. a6 Rd4+ 38. Ke2 Rxd5 39. Bb4 Rb5 40. Bd2 Rb2 41. Rb7 Ra2 42. a7 e4 43. fxe4 Bd4 44. Be3 Bc3 45. Rb3 Be5 46.
Rb6+ Kh7 47. Rb8 Bxg3 48. a8=Q Bxb8 49. Qxa2 Be5 50. Qe6 Bf6 51. Qf5+ Kg8 52. e5 Bxh4 53. e6 Be7 54. Qf7+ Kh7 55. Qxe7 h5 56. Qf7 Kh8 57.
e7 h4 58. e8=Q+ Kh7 59. Qe4+ 1-0

[Event "*** SCC Grand Prix: Titled Tuesday Blitz"]
[Site "Chess.com"]
[Date "2020.07.14"]
[Round "4"]
[White "fighter2jz"]
[Black "albi1999"]
[Result "1-0"]
[WhiteElo "2819"]
[BlackElo "2480"]
[TimeControl "180+1"]
[EndTime "10:40:09 PDT"]
[Termination "fighter2jz won by resignation"]

1. e4 e5 2. Nf3 Nc6 3. Bb5 a6 4.
Ba4 d6 5. Bxc6+ bxc6 6. d4 exd4 7.
Qxd4 Nf6 8. O-O Be7 9. e5 dxe5 10. Qxd8+ Bxd8 11. Nxe5 c5 12. Be3 Be7 13. Nd2 O-O 14. Nb3 Bf5 15. Bxc5 Bxc5 16. Nxc5 Bxc2 17. Rac1 Bf5 18.
Nc6 Rfe8 19. Rfe1 Kf8 20. Rxe8+ Nxe8 21. b4 Nd6 22. f3 Be6 23. Nxe6+ fxe6 24. Nd4 e5 25.
Ne6+ Kf7 26. Nxc7 Rc8 27. Rc3 g5 28. Kf2 h5 29. Ke2 Kg6 30. a4 Kf5 31. Rc5 Nb7 32. Rc3 Nd8 33. Nd5 Rxc3 34. Nxc3 g4 35. Ke3 gxf3 36. gxf3 Nb7 37. a5 Nd6 38. b5 axb5 39. a6 b4 40. a7 Nc4+ 41. Kd3 Nb6 42. Nd5 Na8 43. Nxb4 Kf4 44. Nc6 Kxf3 45. Nxe5+ Kg2 46. h4 Kg3 47. Ng6 Kg4 48. Ke4 Nb6 49. Ke5 Kg3 50. Kf5 Kf3 51. Kg5 Ke4 52. Kxh5 Kd5 53. Ne7+ Ke6 54. Nc8 Na8 55. Kg6 Kd7 56. h5 Kxc8 57.
h6 Nc7 58. h7 1-0

[Event "*** SCC Grand Prix: Titled Tuesday Blitz"]
[Site "Chess.com"]
[Date "2020.07.14"]
[Round "4"]
[White "szachuspl"]
[Black "Harsha_Bharathakoti"]
[Result "0-1"]
[WhiteElo "2511"]
[BlackElo "2779"]
[TimeControl "180+1"]
[EndTime "10:40:09 PDT"]
[Termination "Harsha_Bharathakoti won by resignation"]

1. d4 d5 2. c4 e6 3. Nc3 c6 4.
Nf3 Nf6 5. Bg5 h6 6. Bxf6 Qxf6 7. e3 g6 8. Bd3 Bg7 9. O-O O-O 10. e4 Qd8 11. cxd5 cxd5 12. e5 Nc6 13. Rc1 Bd7 14. Bb1 Rc8 15. h4 h5 16. g3 Bh6 17. Rc2 Ne7 18. Ng5 Nf5 19. Qd2 Qb6 20. Rd1 Ne7 21.
Kg2 Rc7 22. Ne2 Rfc8 23. Rxc7 Rxc7 24. Nf4 a5 25. b3 Qb4 26. Qe2 Bb5 27. Qb2 Bxg5 28.
hxg5 Qc3 29. Qa3 Qb4 30. Qb2 Kg7 31. Kg1 Qc3 32. Qxc3 Rxc3 33. Kg2 Nc6 34. f3 a4 35.
bxa4 Bxa4 36. Rd2 Rc4 37. Ne2 Rb4 38. Bd3 Nxd4 39. Nxd4 Rxd4 40. Kf2 Bb5 41. Ke3 Rxd3+ 42. Rxd3 Bxd3 43. Kxd3 Kf8 44. Kd4 Ke7 45. Kc5 Kd7 46. a4 Kc7 47. Kb5 b6 48. Kb4 Kc6 49. f4 Kc7 50. Kb5 Kb7 51. a5 bxa5 52. Kxa5 Kc6 53. Kb4 Kb6 54. Kc3 Kc5 55. Kd3 d4 56. Ke4 Kc4 57. f5 exf5+ 0-1

[Event "*** SCC Grand Prix: Titled Tuesday Blitz"]
[Site "Chess.com"]
[Date "2020.07.14"]
[Round "4"]
[White "chessdjw"]
[Black "crossingthestreet"]
[Result "1/2-1/2"]
[WhiteElo "2656"]
[BlackElo "2406"]
[TimeControl "180+1"]
[EndTime "10:40:09 PDT"]
[Termination "Game drawn by repetition"]

1. d4 Nf6 2. c4 e6 3. Nc3 Bb4 4. Qc2 b6 5. e4 c5 6. d5 Qe7 7. Ne2 d6 8. Bd2 O-O 9. O-O-O a6 10. Ng3 b5 11. f4 exd5 12. cxd5 Re8 13. Re1 Nbd7 14. Nf5 Qf8 15. g4 Nb6 16. Rg1 Nc4 17.
Bxc4 bxc4 18. a3 Ba5 19. Qa4 Bc7 20. Qxc4 Bd7 21. g5 Nxe4 22. Nh6+ gxh6 23. gxh6+ Kh8 24. Nxe4 f6 25. Bc3 Bd8 26. Ng5 Bf5 27. Ne6 Qxh6 28.
Qf1 Bxe6 29. dxe6 Rb8 30. Kb1 Be7 31. f5 Rg8 32. Qf2 Rxg1 33. Rxg1 Rg8 34. Rxg8+ Kxg8 35.
Qg2+ Qg5 36. Qa8+ Kg7 37. Qd5 Qg1+ 38. Ka2 Kh6 39. Qb7 Qg7 40. Qd7 Kg5 41. Qa7 Kxf5 42.
Qxa6 Kxe6 43. Qc8+ Kf7 44. a4 Qg5 45. a5 c4 46. Qd7 Qc5 47. a6 Qb6 48. a7 Qb3+ 49.
Kb1 Qd1+ 50. Ka2 Qb3+ 51. Ka1 Qd1+ 52. Ka2 Qb3+ 1/2-1/2

[Event "*** SCC Grand Prix: Titled Tuesday Blitz"]
[Site "Chess.com"]
[Date "2020.07.14"]
[Round "4"]
[White "viktorskliarov"]
[Black "SargissyanSargis"]
[Result "1-0"]
[WhiteElo "2574"]
[BlackElo "2305"]
[TimeControl "180+1"]
[EndTime "10:40:10 PDT"]
[Termination "viktorskliarov won by checkmate"]

1. e4 e5 2. Nc3 Nf6 3. Bc4 Nc6 4. d3 Na5 5. Nge2 Nxc4 6. dxc4 Be7 7. O-O O-O 8. Ng3 d6 9. Qd3 Be6 10. b3 Nd7 11.
Be3 Bg5 12. a4 Bxe3 13. Qxe3 h6 14. Rad1 Qg5 15. Qxg5 hxg5 16. Nd5 Bxd5 17. cxd5 g6 18. Rd3 a5 19. Rc3 Nc5 20. f3 f5 21. Re1 Kg7 22.
Kf2 Kf6 23. Rc4 Rh8 24. h3 Rh4 25. Nf1 Rc8 26. Ne3 Rh7 27. Nd1 Rf7 28. Nb2 fxe4 29. fxe4 Ke7+ 30. Ke3 Kd7 31. Nd3 Nxd3 32. cxd3 Rf4 33.
Rec1 g4 34. g3 Rf3+ 35. Ke2 Rxg3 36. hxg4 Rxg4 37. Rh1 Rg2+ 38. Kf3 Rb2 39. Rh7+ Kd8 40. Rh8+ Kd7 41. Rh7+ Kd8 42. Rc3 Rb1 43. Kg2 c6 44.
Rc2 Rxb3 45. Rf2 Rc7 46. Rf8# 1-0

[Event "*** SCC Grand Prix: Titled Tuesday Blitz"]
[Site "Chess.com"]
[Date "2020.07.14"]
[Round "4"]
[White "carlesdc96"]
[Black "gena217"]
[Result "1-0"]
[WhiteElo "2723"]
[BlackElo "2917"]
[TimeControl "180+1"]
[EndTime "10:40:11 PDT"]
[Termination "carlesdc96 won by resignation"]

1. Nf3 d5 2. d4 Nf6 3. Bf4 c5 4. c3 Nc6 5. e3 Bf5 6. Qb3 Qc8 7. Nbd2 e6 8. h3 h6 9. Be2 Be7 10. O-O O-O 11. Rac1 c4 12. Qd1 b5 13. Ne5 b4 14.
cxb4 Nxe5 15. dxe5 Nd7 16. e4 Bg6 17. exd5 exd5 18. Bf3 Nb6 19. a3 a5 20. bxa5 Rxa5 21.
Be3 Qb8 22. Bd4 Na4 23. b3 cxb3 24. Nxb3 Rb5 25. Nd2 Nb2 26. Bxb2 Rxb2 27. Bxd5 Rd8 28. Nc4 Rb5 29. Ne3 Bxa3 30. Rc6 Kh7 31. Qf3 Rf8 32. Ng4 Be7 33. Be4 Rb6 34. Bxg6+ fxg6 35. Rxb6 Qxb6 36. Qe3 Bc5 37. Qe4 Rf5 38. e6 h5 39. Ne3 Bxe3 40.
fxe3 Rxf1+ 41. Kxf1 Qb5+ 42. Kg1 Qe8 43. e7 Kh6 44.
Qe6 Kh7 45. h4 Kh6 46. g3 Kh7 47. Kh2 Kh8 48. Qe5 Kg8 49. Qe6+ Kh7 50. e4 Kh8 51. Kg2 Kh7 52. Kf3 Kh8 53. Qd6 Kg8 54. Qd8 Kf7 55. Qxe8+ Kxe8 56. Kf4 Kxe7 57. Kg5 Kf7 58. e5 Ke6 59. Kxg6 Kxe5 60. Kxg7 Kf5 61. Kh6 Kg4 62. Kg6 1-0